 Dungeon Crawl Stone Soup version 0.29-a0-923-g6e406bff71 (webtiles) character file.

Game seed: 9589168601330893605

13 Iscandelvey the Twirler (level 2, 21/21 HPs)
             Began as a Demonspawn Wanderer on July 27, 2022.
             Quit the game on level 1 of the Dungeon.
             The game lasted 00:00:36 (930 turns).

Iscandelvey the Twirler (Demonspawn Wanderer)        Turns: 930, Time: 00:00:37

Health: 21/21      AC:  4    Str: 12    XL:     2   Next: 24%
Magic:  2/2        EV: 12    Int: 11    God:
Gold:   83         SH:  0    Dex: 14    Spells: 1/1 levels left

rFire   . . .      SeeInvis .   a - +2 quarterstaff
rCold   . . .      Faith    .   (shield currently unavailable)
rNeg    . . .      Spirit   .   e - +0 leather armour
rPois   .          Reflect  .   (no helmet)
rElec   .          Harm     .   (no cloak)
rCorr   .          Rampage  .   (no gloves)
Will    .....                   c - +0 pair of boots
Stlth   +.........              (no amulet)
HPRegen 0.07/turn               (no ring)
MPRegen 0.08/turn               (no ring)

@: no status effects
A: ignite blood 1
a: no special abilities


You were on level 1 of the Dungeon.
You visited 1 branch of the dungeon, and saw 1 of its levels.

You collected 83 gold pieces.

Inventory:

Hand Weapons
 a - a +2 quarterstaff (weapon)
 b - a +0 mace
Armour
 c - a +0 pair of boots (worn)
 e - a +0 leather armour (worn)
Jewellery
 j - a ring of poison resistance
Scrolls
 d - 2 scrolls of blinking
 g - a scroll of teleportation {unknown}
 h - 4 scrolls of poison {unknown}
 k - a scroll of enchant weapon {unknown}
 m - a scroll of identify {unknown}
 o - a scroll of immolation {unknown}
Potions
 f - a potion of curing {unknown}
 i - a potion of brilliance {unknown}
 l - a potion of might {unknown}
 n - a potion of resistance {unknown}


   Skills:
 + Level 1.3 Fighting
 + Level 1.2(3.1) Maces & Flails
 + Level 4.6(4.7) Staves
 + Level 1.2 Armour
 + Level 2.0 Dodging


You had one spell level left.
You didn't know any spells.
Your spell library was empty.

Dungeon Overview and Level Annotations

Branches:
Dungeon (1/15)

Altars:


Innate Abilities, Weirdness & Mutations

Your demonic aura sometimes causes spilled blood to erupt in flames.


Message History

No reachable target in view!
An endoplasm is nearby!
No reachable target in view!
An endoplasm is nearby!
No reachable target in view!
An endoplasm is nearby!
You hit the plant.
The plant begins to die.
The plant is lightly damaged.
You sock the plant!
The plant is lightly damaged.
You hit the plant.
The plant is lightly damaged.
You hit the plant.
The plant is lightly damaged.
A nearby plant withers and dies.
The endoplasm freezes you.
You are frozen.
The endoplasm hits you. The endoplasm barely misses you.
You sock the endoplasm!
You kill the endoplasm!
There is a faded altar of an unknown god here.
You open the door.
There is an open door here.
m - a scroll labelled OLAMMUNODD
There is an open door here.
You see here a +0 club.
You see here 5 stones.
You see here a +0 rapier.
Found a dagger.
You see here a +0 dagger.
n - a metallic emerald potion You now have 83 gold pieces (gained 12).
o - a scroll labelled LIKANW XOIN
h - 4 scrolls labelled YXZOUC MISHRYJ (gained 3)
You see here a +0 dagger.
You see here 4 stones.
Done exploring.
Done exploring.
Are you sure you want to abandon this character and quit the game? (Confirm with "yes".)

##.#####...............P....##
.#......#.....#............##
.............##......#######
...........###########
...........# ...........####
............PP########
.........P..P♣.#.....#
.........♣.♣.♣.P@....#
......P.♣♣♣♣♣♣.♣.....#####
.##....♣♣♣ ♣♣♣.........#
######.PP♣♣ ♣♣.♣.#######.#
###..♣.♣♣♣P...# #.#
####.#..♣.PP..PP########.##
.>##........♣P(## #.......#
#.#####....P...# #.#####.##
.............#.####.##.....#


There were no monsters in sight!

Vanquished Creatures
  2 ball pythons (D:1)
  2 endoplasms (D:1)
  A giant cockroach (D:1)
  2 goblins (D:1)
  A hobgoblin (D:1)
  A quokka (D:1)
  A bat (D:1)
  A frilled lizard (D:1)
11 creatures vanquished.

Vanquished Creatures (others)
  A plant (D:1)
1 creature vanquished.

Grand Total: 12 creatures vanquished

Notes
Turn   | Place    | Note
-------+----------+-------------------------------------------
     0 | D:1      | Iscandelvey the Demonspawn Wanderer began the quest for the
                  | Orb.
     0 | D:1      | Iscandelvey set off with the following items: a +2
                  | quarterstaff, a +0 mace, a +0 pair of boots, a scroll of
                  | blinking, a +0 leather armour.
     0 | D:1      | Reached XP level 1. HP: 15/15 MP: 1/1
   309 | D:1      | Gained mutation: Your demonic aura sometimes causes spilled
                  | blood to erupt in flames. [demonic ancestry]
   309 | D:1      | Reached XP level 2. HP: 18/21 MP: 2/2
   596 | D:1      | Found a faded altar of an unknown god.
   930 | D:1      | Quit the game

Illustrated notes

Levels and vault maps discovered:
D:1:      lemuel_arrival_behind_the_door_small, layout_rooms, serial_forest,
          infiniplex_forest_clump_C, infiniplex_forest_straight_3,
          infiniplex_forest_clump_large, infiniplex_forest_clump_tiny,
          infiniplex_forest_zigzag_1, infiniplex_forest_lined_3,
          chequers_ecumenical_altar_lobes, minivault_5

Skill      XL: |  1  2 |
---------------+-------+-----
Dodging        | 2 |  2.0
Fighting       | |  1.3
Maces & Flails | |  1.2
Staves         | |  4.6
Armour         | |  1.2

Action                   || total
-------------------------++-------
Melee: Quarterstaff      ||    24
Armor: Leather armour    ||     9
Dodge: Dodged            ||    13

Table legend: (Time is in decaauts)
 A = Elapsed time spent in this place.
 B = Non-inter-level travel time spent in this place.
 C = Inter-level travel time spent in this place.
 D = Time resting spent in this place.
 E = Time spent auto-exploring this place.
 F = Levels seen in this place.
 G = Mean time per level.
                   A        B        C        D        E       F      G
               +--------+--------+--------+--------+--------+-----+--------+
         Total |    932 |    932 |      0 |      0 |    843 |   1 |  932.0 |
       Dungeon |    932 |    932 |      0 |      0 |    843 |   1 |  932.0 |
               +--------+--------+--------+--------+--------+-----+--------+

Top non-repeatable levels by time:
     D:1: 932 daAuts
